 Dungeon Crawl Stone Soup version 0.26.1-11-gd32895ea62 (webtiles) character file.

Game seed: 2489507911060757015

51 Zeld the Insei (level 3, 0/24 HPs)
             Began as an Octopode Transmuter on May 27, 2021.
             Slain by a hound (4 damage)
             ... on level 4 of the Dungeon.
             The game lasted 00:01:12 (969 turns).

Zeld the Insei (Octopode Transmuter)                 Turns: 969, Time: 00:01:12

Health: 0/24       AC:  2    Str: 10    XL:     3   Next: 81%
Magic:  2/7        EV: 20    Int: 15    God:
Gold:   42         SH:  0    Dex: 17    Spells: 1/7 levels left

rFire    . . .     SeeInvis .     - Unarmed
rCold    . . .     Faith    .   (shield currently unavailable)
rNeg     . . .     Spirit   .   (helmet currently unavailable)
rPois    x         Reflect  .   (no amulet)
rElec    .         Harm     .   j - ring of willpower
rCorr    .         Rampage  .   (no ring)
Will     +....                  (no ring)
Stlth    ++........             (no ring)
HPRegen  0.08/turn              (no ring)
MPRegen  0.10/turn              (no ring)
                                (no ring)
                                (no ring)

@: spider-form (expiring)
A: tiny, almost no armour, stealthy swim, (amphibious), 8 rings, (constrict 8)
a: End Transformation


You were on level 4 of the Dungeon.
You were a venomous arachnid creature.
You visited 1 branch of the dungeon, and saw 4 of its levels.

You collected 42 gold pieces.

Inventory:

Jewellery
 j - a ring of willpower (left front leg)
Scrolls
 b - a scroll of immolation {unknown}
 c - a scroll of teleportation {unknown}
 d - 3 scrolls of identify {unknown}
 g - a scroll of enchant weapon {unknown}
 h - a scroll of random uselessness {unknown}
Potions
 a - a potion of curing {unknown}
 e - a potion of heal wounds {unknown}
 f - 2 potions of lignification {unknown}
 i - a potion of flight {unknown}


   Skills:
 + Level 1.6 Fighting
 + Level 2.4 Dodging
 - Level 3.0 Unarmed Combat
 * Level 2.6 Spellcasting
 * Level 2.7 Transmutations


You had one spell level left.
You knew the following spells:

 Your Spells              Type           Power        Failure   Level
a - Beastly Appendage     Tmut           20%          19%         1
b - Wereblood             Tmut           10%          24%         2
c - Spider Form           Tmut/Pois      3%           56%         3

Your spell library contained the following spells:

 Spells                   Type           Power        Failure   Level
 Ice Form                 Ice/Tmut       6%           89%         4
 Blade Hands              Tmut           5%           96%         5


Dungeon Overview and Level Annotations

Branches:
Dungeon (4/15)
 Temple: D:4-7

Altars:

Portals:
Ossuary: D:4


Innate Abilities, Weirdness & Mutations

You cannot wear most types of armour.
You are very stealthy in the water. (Stealth+)
((You are amphibious.))
You can wear up to eight rings at the same time.
((You can use your tentacles to constrict eight enemies at once.))
((Your skin changes colour to match your surroundings (Stealth+).))
((Your rubbery body absorbs attacks. (AC +1, EV +1)))


Message History

Unknown command.
Casting: Spider Form (extremely dangerous; 34% risk of failure)
Confirm with . or Enter, or press ? or * to list all spells.
The spell is extremely dangerous to cast (34% risk of failure)!
Continue anyway? [Y]es or [N]o only, please.
The spell is extremely dangerous to cast (34% risk of failure)!
Continue anyway?
You turn into a venomous arachnid creature.
The hound misses you.
You closely miss the hound. The hound bites you.
* * * LOW HITPOINT WARNING * * *
You hit the hound but do no damage. The hound closely misses you.
The hound barely misses you.
You bite the hound!
The hound is poisoned.
The hound is heavily wounded.
Your transformation is almost over.
The hound closely misses you.
You barely miss the hound.
The hound is severely wounded.
The hound completely misses you. The hound bites you.
You die...

#.....## ##.....##
#.......# ##.......#
#......<.# ###.#(....##
###### #####.........(.#
##.....##[...>#<........#
#.......(.sh............#
#...∩..................##
#....?...........[....##
..................>...#
.######........[......#
#...............#
#.........†.....#
##........?....##
##.....#.....##


You could see a hound (very poisoned).

Vanquished Creatures
  A worker ant (D:4)
  A dart slug (D:1)
  3 leopard geckos
  2 giant cockroaches
  3 hobgoblins (D:1)
  A ball python (D:2)
  5 bats
  2 frilled lizards
  A kobold (D:2)
  3 rats (D:1)
22 creatures vanquished.

Notes
Turn   | Place    | Note
-------+----------+-------------------------------------------
     0 | D:1      | Zeld the Octopode Transmuter began the quest for the Orb.
     0 | D:1      | Reached XP level 1. HP: 13/13 MP: 3/3
   156 | D:1      | Reached XP level 2. HP: 18/18 MP: 3/5
   159 | D:1      | Learned a level 2 spell: Wereblood
   840 | D:3      | Reached XP level 3. HP: 21/23 MP: 4/6
   844 | D:3      | Learned a level 3 spell: Spider Form
   932 | D:4      | Found a sand-covered staircase.
   969 | D:4      | Slain by a hound

Illustrated notes

Levels and vault maps discovered:
D:1:      scummos_arrival_simple_crosswalls, layout_rooms, serial_bayou_crossing
D:2:      layout_basic
D:3:      minmay_skewed_foursquare, layout_basic, corexii_hall_statues_s,
          kennysheep_small_spiral, nemelex_spade_bored_becter
D:4:      layout_rooms, enter_ossuary_1

Action                   || total
-------------------------++-------
Melee: Unarmed           ||    56
       Constrict         ||    20
       Kick              ||    13
       Tentacles         ||     5
       Punch             ||     2
 Cast: Beastly Appendage ||    15
       Spider Form       ||     2
 Stab: Sleeping          ||     2
Armor: Skin              ||     2
Dodge: Dodged            ||    58
